Map: Cerulean Fall LE

Players

Zanster - Winner!

  • Race: Zerg Zerg
  • Spawn Location: 7:00

Cham

  • Race: Zerg Zerg
  • Spawn Location: 1:00

Event: WCS Montreal 2018

VOD

Have the link to the VOD?

Description

Time

  • Played on: Sept. 7, 2018, 5:14 p.m.
  • Length: 9:58

All games in this series

Show
View Real Time Build Order
Export as new Build Order

Zanster Zerg - Winner!

Build Orders: Pool First 

Get SALT Encoding   

  12  0:00  Drone  
  13  0:12  Overlord  
  13  0:17  Drone  
  14  0:31  Drone x2  
  16  0:41  Spawning Pool  
  15  0:44  Drone  
  15  0:48  Drone  
  17  0:56  Drone  
  18  1:13  Hatchery  
  17  1:28  Zergling x6  
  17  1:29  Queen  
  22  1:40  Overlord  
  22  1:43  Extractor  
  21  1:51  Drone  
  22  2:01  Drone  
  23  2:05  Queen  
  25  2:11  Drone  
  26  2:22  Drone  
  27  2:28  Queen  
  27  2:29  Drone  
  30  2:37  Drone  
  30  2:40  Drone x3  
  30  2:41  Overlord  
  33  2:47  Drone  
  33  2:48  Metabolic Boost, Drone  
  35  2:59  Drone  
  35  3:01  Drone  
  37  3:07  Overlord  
  37  3:10  Drone x4  
  41  3:18  Drone  
  41  3:19  Drone, Evolution Chamber  
  42  3:22  Drone  
  43  3:27  Drone  
  44  3:34  Hatchery  
  44  3:37  Drone  
  44  3:38  Drone  
  45  3:46  Roach Warren  
  45  3:47  Evolution Chamber  
  44  3:49  Zergling x12  
  44  3:54  Overlord  
  50  3:56  Zergling x2  
  50  3:58  Overlord  
  50  4:01  Zerg Missile Weapons Level 1  
  52  4:08  Lair  
  52  4:12  Overlord  
  52  4:15  Zergling x8  
  55  4:19  Drone x3  
  55  4:21  Extractor  
  56  4:37  Drone  
  57  4:39  Drone x2  
  57  4:40  Drone x3  
  57  4:44  Drone x2  
  57  4:45  Hatchery  
  63  4:46  Drone  
  63  4:47  Extractor  
  63  4:48  Overlord  
  63  4:49  Drone  
  63  4:51  Drone  
  65  4:53  Drone  
  65  4:59  Drone  
  65  5:01  Drone  
  66  5:10  Glial Reconstitution  
  66  5:13  Overseer  
  66  5:15  Overlord  
  66  5:20  Roach  
  66  5:21  Roach x2  
  72  5:24  Roach  
  72  5:25  Roach x2  
  72  5:26  Extractor  
  72  5:27  Roach  
  79  5:31  Overlord  
  79  5:37  Roach  
  79  5:38  Spine Crawler x2  
  80  5:45  Roach x3  
  80  5:48  Overlord  
  85  5:51  Roach  
  81  5:59  Roach x4  
  76  6:04  Roach  
  76  6:09  Roach  
  67  6:17  Roach  
  67  6:18  Roach x3  
  70  6:31  Drone  
  67  6:34  Drone  
  67  6:37  Drone  
  67  6:39  Hatchery  
  68  6:40  Drone  
  69  6:49  Drone x2  
  69  6:51  Zerg Missile Weapons Level 2  
  71  6:59  Queen  
  73  7:01  Drone x2  
  73  7:08  Drone  
  73  7:10  Drone  
  73  7:14  Drone  
  63  7:16  Drone x5  
  62  7:24  Hydralisk Den  
  62  7:27  Nydus Network  
  62  7:28  Drone  
  62  7:29  Drone  
  61  7:33  Queen  
  61  7:36  Drone x2  
  65  7:41  Roach  
  65  7:42  Roach  
  65  7:44  Roach  
  71  7:48  Overlord  
  71  7:52  Queen  
  71  7:57  Queen  
  75  7:59  Roach  
  75  8:01  Roach  
  75  8:04  Roach  
  75  8:05  Overseer  
  81  8:10  Roach x2  
  85  8:12  Spore Crawler  
  85  8:16  Roach  
  85  8:17  Roach x2  
  90  8:26  Nydus Canal  
  90  8:30  Roach x3  
  90  8:36  Roach  
  82  8:42  Roach x2  
  82  8:51  Roach x3  
  82  8:52  Roach  
  90  8:56  Roach  
  90  9:00  Roach  
  90  9:01  Overlord  
  94  9:03  Queen  
  94  9:04  Drone x2, Queen  
  94  9:05  Drone, Roach  
  94  9:08  Roach x2  
  107  9:15  Overlord  
  107  9:16  Roach x2  
  111  9:23  Overlord, Roach  
  113  9:31  Nydus Canal  
  113  9:36  Roach x5  
Show
View Real Time Build Order
Export as new Build Order

Cham Zerg 

Build Orders: Hatch First, Roach Nydus 

Get SALT Encoding   

  12  0:00  Drone  
  13  0:08  Drone  
  14  0:17  Overlord  
  14  0:35  Drone x2  
  16  0:48  Hatchery  
  15  0:51  Drone  
  15  0:56  Drone  
  17  1:02  Extractor  
  16  1:12  Spawning Pool  
  16  1:16  Drone  
  16  1:19  Drone  
  16  1:23  Drone  
  18  1:30  Drone  
  19  1:42  Overlord  
  19  1:58  Queen  
  19  1:59  Zergling x2  
  22  2:04  Queen  
  22  2:05  Metabolic Boost  
  24  2:15  Zergling x6  
  27  2:23  Overlord  
  27  2:25  Drone  
  27  2:29  Drone  
  28  2:37  Drone  
  28  2:38  Drone  
  28  2:43  Baneling Nest  
  29  2:49  Drone x2  
  31  2:56  Overlord  
  31  2:57  Drone  
  32  3:06  Zergling x2  
  32  3:09  Drone  
  34  3:13  Evolution Chamber  
  34  3:14  Drone  
  34  3:15  Zergling x8  
  34  3:19  Zergling x2  
  39  3:22  Drone  
  39  3:23  Drone  
  41  3:29  Lair  
  41  3:32  Drone  
  42  3:35  Drone  
  43  3:42  Extractor  
  43  3:45  Drone x2  
  43  3:46  Drone  
  45  3:49  Drone  
  45  3:51  Drone  
  45  3:54  Extractor  
  46  3:56  Extractor  
  46  3:58  Drone  
  46  4:00  Overlord, Drone  
  47  4:03  Drone  
  48  4:17  Roach Warren  
  43  4:19  Drone, Evolution Chamber  
  43  4:20  Drone x3  
  46  4:31  Drone x3  
  46  4:32  Overlord  
  46  4:42  Queen  
  46  4:43  Nydus Network  
  46  4:56  Roach  
  46  4:57  Roach x4  
  46  4:59  Roach  
  58  5:00  Roach x2  
  58  5:03  Roach  
  58  5:06  Overlord  
  64  5:09  Roach  
  66  5:17  Roach  
  66  5:19  Nydus Canal  
  68  5:25  Roach  
  68  5:26  Roach  
  68  5:27  Roach x2  
  76  5:32  Overlord  
  76  5:37  Overlord  
  76  5:43  Overlord  
  76  5:51  Nydus Canal  
  72  6:02  Roach x4  
  72  6:03  Queen x2, Roach  
  80  6:05  Roach  
  80  6:14  Roach  
  80  6:17  Roach  
  77  6:25  Drone x2  
  62  6:36  Spire, Roach x2  
  69  6:41  Glial Reconstitution  
  69  6:47  Roach  
  67  6:49  Roach  
  69  6:57  Spine Crawler, Roach, Evolution Chamber  
  69  7:00  Roach  
  65  7:11  Roach x2  
  65  7:12  Roach x2  
  65  7:14  Roach x2  
  65  7:15  Roach  
  67  7:16  Drone  
  67  7:19  Drone  
  59  7:24  Drone  
  58  7:33  Drone  
  58  7:34  Drone  
  60  7:46  Drone x2  
  62  7:53  Mutalisk  
  62  7:55  Mutalisk  
  62  7:56  Mutalisk x2  
  70  8:07  Drone x3  
  73  8:14  Hatchery  
  73  8:19  Overlord  
  72  8:20  Unknown  
  72  8:24  Queen  
  74  8:33  Drone x4  
  74  8:37  Drone  
  74  8:39  Drone  
  70  8:46  Drone x3  
  69  8:49  Mutalisk  
  69  8:55  Mutalisk  
  69  8:58  Mutalisk  
  69  9:02  Mutalisk  
  73  9:06  Mutalisk  
  77  9:10  Mutalisk  
  77  9:14  Roach  
  81  9:19  Roach  
  81  9:20  Roach  
  81  9:23  Roach  
  84  9:26  Roach  
  84  9:29  Roach  
  87  9:32  Roach  
  87  9:37  Roach  
Tags
 
Add a new tag
Caveats
  • Supply blocks, unpowered buildings, or Contaminate may cause inaccurate times.
  • Supply counts are checked every 10 seconds.